 Dungeon Crawl Stone Soup version 0.29.0-13-gc9e81de378 (webtiles) character file.

Game seed: 8368703976729811535

19392 RascalDebosk the Cleaver (level 12, -2/111 HPs)
             Began as a Minotaur Berserker on Sept 10, 2022.
             Was an Elder of Trog.
             Slain by an orc warlord
             ... wielding a +3 great sword
              (22 damage)
             ... on level 11 of the Dungeon.
             The game lasted 01:16:37 (11369 turns).

RascalDebosk the Cleaver (Minotaur Berserker)      Turns: 11369, Time: 01:16:39

Health: -2/111     AC: 21    Str: 23    XL:     12   Next: 36%
Magic:  11/11      EV:  9    Int:  6    God:    Trog [****..]
Gold:   745        SH:  0    Dex: 12    Spells: 11/11 levels left

rFire   + . .      SeeInvis .   P - +3 battleaxe
rCold   + . .      Faith    +   (shield currently unavailable)
rNeg    . . .      Spirit   .   s - +2 chain mail {rF+}
rPois   .          Reflect  .   l - +2 hat
rElec   .          Harm     .   M - +2 cloak {Will+}
rCorr   +          Rampage  .   (no gloves)
Will    +....                   a - +0 pair of boots
Stlth   ..........              x - amulet of faith
HPRegen 0.28/turn               b - ring of protection from cold
MPRegen 0.12/turn               K - ring of resist corrosion

@: lethally poisoned (-2 -> -4), on berserk cooldown, slowed, very slow
A: horns 2, retaliatory headbutt
a: Renounce Religion, Berserk, Trog's Hand, Brothers in Arms


You were on level 11 of the Dungeon.
You worshipped Trog.
Trog was greatly pleased with you.
You visited 2 branches of the dungeon, and saw 12 of its levels.

You collected 745 gold pieces.

Inventory:

Hand Weapons
 k - a +5 dire flail of freezing
 P - a +3 battleaxe (weapon)
Missiles
 j - 39 poisoned darts
 v - 16 boomerangs of dispersal (quivered)
 y - 2 curare-tipped darts
 z - 9 boomerangs
Armour
 a - a +0 pair of boots (worn)
 i - a +0 chain mail of cold resistance
 l - a +2 hat (worn)
 s - a +2 chain mail of fire resistance (worn)
 M - a +2 cloak of willpower (worn)
Jewellery
 b - a ring of protection from cold (left hand)
 f - a +4 ring of protection
 x - an amulet of faith (around neck)
 K - a ring of resist corrosion (right hand)
Wands
 p - a wand of flame (8)
 E - a wand of mindburst (20)
 G - a wand of polymorph (13)
 H - a wand of iceblast (17)
 J - a wand of paralysis (10)
 Q - a wand of quicksilver (5)
Scrolls
 e - 2 scrolls of teleportation
 h - 2 scrolls of identify
 m - 3 scrolls of blinking
 w - 3 scrolls of silence
 D - a scroll of magic mapping
Potions
 c - a potion of magic
 d - a potion of heal wounds
 g - a potion of mutation
 q - a potion of curing
 r - 5 potions of lignification
 t - a potion of haste
 u - a potion of resistance
 A - 3 potions of cancellation
 F - 4 potions of brilliance
 I - 2 potions of attraction
 O - 3 potions of berserk rage


   Skills:
 + Level 11.7 Fighting
 + Level 11.7 Axes
 + Level 9.3 Throwing
 + Level 11.3 Armour
 - Level 2.1 Dodging
 + Level 8.4 Evocations


You had 11 spell levels left.
You didn't know any spells.
Your spell library was empty.

Dungeon Overview and Level Annotations

Branches:
Dungeon (11/15)            Temple (1/1) D:4            Lair (0/5) D:9
    Orc (0/2) D:11

Altars:
Ashenzari
Cheibriados
Dithmenos
Elyvilon
Fedhas
Gozag
Hepliaklqana
Kikubaaqudgha
Makhleb
Nemelex Xobeh
Okawaru
Qazlal
Ru
Sif Muna
Trog
Uskayaw
Vehumet
Wu Jian
Xom
Yredelemnul
Zin
The Shining One


Innate Abilities, Weirdness & Mutations

You have a pair of horns on your head.
You reflexively headbutt those who attack you in melee.


Message History

The poisoned dart hits the boulder beetle!
The boulder beetle is poisoned.
The boulder beetle barely misses you.
The boulder beetle stops rolling and uncurls.
An orc warlord comes into view.
It is wielding a +3 great sword and wearing a +4 chain mail of willpower.
The boulder beetle bites you!
You hit the boulder beetle but do no damage.
The boulder beetle is almost dead.
The boulder beetle barely misses you. You furiously retaliate!
You headbutt the boulder beetle.
You hit the boulder beetle but do no damage.
Your headbutt misses the boulder beetle.
The boulder beetle is almost dead.
You feel the effects of Trog's Hand fading.
The boulder beetle dies!
A manticore comes into view.
The kobold brigand attacks as you move away!
The kobold brigand hits you but does no damage.
The kobold brigand throws a poisoned dart.
The poisoned dart hits you!
You are poisoned.
You feel better.
The kobold brigand throws a poisoned dart.
The poisoned dart hits you!
You are poisoned.
Your skin stops crawling.
You feel less strong-willed.
You feel very sick.
The orc warlord hits you with a +3 great sword.
You're still recovering from your berserk rage.
You hit the orc warlord but do no damage.
You feel sick.
The orc warlord hits you with a +3 great sword!!
* * * LOW HITPOINT WARNING * * *
You hit the orc warlord but do no damage.
You headbutt the orc warlord.
The orc warlord is lightly wounded.
You feel sick.
The orc warlord hits you with a +3 great sword!
* * * LOW HITPOINT WARNING * * *
The orc warlord hits you with a +3 great sword!!
You die...

#. #. #. ###. #... ♣ #...
♣.♣♣♣♣♣♣♣♣♣♣♣.♣ #...
♣......HKo@...♣ ###...
♣♣♣♣♣♣♣.♣♣♣♣♣♣♣ #...##
#####♣.♣##### ### #...# ..
♣♣..÷.♣.♣....♣♣ ♣♣.♣♣#...#.
♣u..♣♣♣...)♣[♣.♣....♣♣♣.♣(♣#...#.
♣.......♣♣♣♣♣.......♣♣♣)....#.
♣...♣♣♣....♣.♣.♣....♣♣♣(♣.♣#...+.
.. ♣♣....♣)♣....♣♣ ♣♣.♣♣#...#+
############## #####...#


You could see an orc warlord, a manticore and a kobold brigand.

Vanquished Creatures
  Josephine (D:10)
  Fannar (D:10)
  A boulder beetle (D:11)
  A two-headed ogre (D:11)
  Nergalle (D:10)
  Amaemon (D:10)
  Pikel (D:8)
  A cyclops (D:11)
  A manticore (D:11)
  A gargoyle (D:10)
  An orange demon (D:10)
  Maggie (D:7)
  Psyche (D:8)
  4 komodo dragons
  A yaktaur (D:11)
  A meliai (D:11)
  2 trolls
  2 hornets
  2 shadows
  5 wyverns
  7 wraiths
  A basilisk (D:9)
  26 yaks
  Edmund (D:6)
  A steam dragon (D:8)
  Menkaure (D:5)
  2 vampire mosquitoes (D:11)
  2 acid dragons
  2 water moccasins
  4 orc warriors
  2 sky beasts
  A swamp drake (D:9)
  2 ice beasts
  3 centaurs
  2 phantoms (D:6)
  2 lemures (D:8)
  4 kobold brigands
  2 scorpions
  A necrophage (D:6)
  10 wights
  4 killer bees
  2 howler monkeys
  A jelly (D:4)
  2 hounds
  8 orc priests
  Crazy Yiuf (D:7)
  6 iguanas
  9 orc wizards
  Natasha (thrice) (D:2)
  Terence (D:2)
  Robin (D:2)
  4 gnolls (D:4)
  6 adders
  A shadow imp (D:6)
  3 white imps
  3 worms
  A dart slug (D:4)
  42 orcs
  6 ball pythons
  6 endoplasms
  6 giant cockroaches
  13 goblins
  12 hobgoblins
  4 jackals (D:1)
  8 bats
  A frilled lizard (D:2)
  21 kobolds
  5 rats
286 creatures vanquished.

Vanquished Creatures (collateral kills)
  2 wights (D:6)
  A shadow imp (D:6)
3 creatures vanquished.

Vanquished Creatures (others)
  A boulder beetle (D:11)
1 creature vanquished.

Grand Total: 290 creatures vanquished

Notes
Turn   | Place    | Note
-------+----------+-------------------------------------------
     0 | D:1      | RascalDebosk the Minotaur Berserker began the quest for the
                  | Orb.
     0 | D:1      | Reached XP level 1. HP: 19/19 MP: 0/0
   179 | D:1      | Reached XP level 2. HP: 18/27 MP: 1/1
   716 | D:1      | Reached ** piety under Trog
   855 | D:1      | Found a faded altar of an unknown god.
   884 | D:2      | Reached skill level 1 in Throwing
   884 | D:2      | Reached XP level 3. HP: 33/33 MP: 2/2
   931 | D:2      | Reached skill level 1 in Evocations
  1074 | D:2      | Reached XP level 4. HP: 40/40 MP: 3/3
  1120 | D:2      | Noticed Robin
  1143 | D:2      | Killed Robin
  1230 | D:2      | Noticed Terence
  1254 | D:2      | Killed Terence
  1343 | D:2      | Noticed Natasha
  1348 | D:2      | Killed Natasha
  1349 | D:2      | Reached XP level 5. HP: 47/47 MP: 4/4
  1399 | D:2      | Noticed Natasha
  1409 | D:2      | Killed Natasha
  1419 | D:2      | Noticed Natasha
  1424 | D:2      | Killed Natasha
  1808 | D:3      | Reached *** piety under Trog
  1874 | D:3      | You fall into a shaft and drop 2 floors!
  1874 | D:5      | Entered Level 5 of the Dungeon
  1919 | D:5      | Reached XP level 6. HP: 53/55 MP: 5/5
  2498 | D:4      | Reached skill level 5 in Fighting
  2498 | D:4      | Reached skill level 5 in Axes
  2992 | D:4      | Found a staircase to the Ecumenical Temple.
  3270 | D:5      | Noticed an ice beast
  3280 | D:5      | Killed an ice beast
  3281 | D:5      | Reached XP level 7. HP: 61/61 MP: 6/6
  3413 | D:5      | Noticed Menkaure
  3418 | D:5      | Killed Menkaure
  3419 | D:5      | Reached skill level 5 in Armour
  3851 | Temple   | Entered the Ecumenical Temple
  3851 | Temple   | Found a transporter.
  3851 | Temple   | Found a transporter.
  3853 | Temple   | Found a transporter.
  3853 | Temple   | Found a transporter.
  3939 | D:6      | Reached XP level 8. HP: 61/70 MP: 7/7
  4094 | D:6      | Reached **** piety under Trog
  4123 | D:6      | Noticed Edmund
  4133 | D:6      | Killed Edmund
  4610 | D:6      | Reached skill level 5 in Throwing
  4728 | D:6      | Reached XP level 9. HP: 78/79 MP: 8/8
  4963 | D:7      | Noticed Maggie
  4973 | D:7      | Killed Maggie
  5201 | D:7      | Reached skill level 5 in Evocations
  5367 | D:7      | Found a stormy altar of Qazlal.
  5367 | D:7      | Found a basalt altar of Yredelemnul.
  5396 | D:7      | Paralysed by a hornet for 2 turns
  5641 | D:7      | Found a runed translucent door.
  5642 | D:7      | Noticed Crazy Yiuf
  5648 | D:7      | Killed Crazy Yiuf
  6455 | D:8      | Noticed Pikel
  6469 | D:8      | Killed Pikel
  6470 | D:8      | Reached XP level 10. HP: 88/90 MP: 9/9
  6650 | D:8      | Noticed Psyche
  6661 | D:8      | Killed Psyche
  7491 | D:9      | Paralysed by a hornet for 3 turns
  7920 | D:9      | Reached XP level 11. HP: 99/99 MP: 10/10
  7924 | D:9      | Reached skill level 10 in Fighting
  7924 | D:9      | Reached skill level 10 in Axes
  8296 | D:9      | Found a staircase to the Lair.
  8945 | D:10     | Entered Level 10 of the Dungeon
  8948 | D:10     | Noticed Amaemon
  8948 | D:10     | Noticed Nergalle
  8962 | D:10     | Killed Nergalle
  9011 | D:10     | Killed Amaemon
  9012 | D:10     | Reached skill level 10 in Armour
  9289 | D:10     | Noticed Fannar
  9300 | D:10     | Killed Fannar
  9359 | D:10     | Noticed Josephine
  9376 | D:10     | Killed Josephine
  9605 | D:10     | Found a bloodstained altar of Trog.
 10303 | D:11     | Found a staircase to the Orcish Mines.
 10495 | D:11     | Reached ***** piety under Trog
 10598 | D:11     | Reached XP level 12. HP: 110/110 MP: 11/11
 10929 | D:11     | Noticed a boulder beetle
 10950 | D:11     | Killed a boulder beetle
 11006 | D:11     | Noticed a two-headed ogre
 11230 | D:11     | Killed a two-headed ogre
 11335 | D:11     | Noticed a boulder beetle
 11361 | D:11     | Noticed an orc warlord
 11363 | D:11     | Killed a boulder beetle
 11369 | D:11     | Slain by an orc warlord

Illustrated notes

Levels and vault maps discovered:
D:1:      lemuel_arrival_rhombus, layout_basic,
          hellmonk_ecumenical_altar_arch_garden
D:2:      layout_rooms, st_stairs_5, dk_vineyard_1, uniq_natasha, uniq_robin,
          uniq_terence
D:3:      layout_loops_cross, nicolae_kite_square_tiling_tiny
D:4:      layout_basic, temple_green
D:5:      layout_rooms, uniq_menkaure
D:6:      layout_basic, uniq_edmund
D:7:      layout_basic, nicolae_overflow_two_pavilions, uniq_crazy_yiuf_cottage,
          uniq_maggie
D:8:      layout_basic, nrook_loot_triangle, uniq_pikel, uniq_psyche
D:9:      layout_basic, erik_lair_dragon, roderic_cross_of_infinity,
          grunt_decor_arrowhead
D:10:     layout_rooms, lemuel_crystal_altar, minmay_unpleasant_kobolds,
          uniq_amaemon, uniq_josephine, uniq_nergalle, uniq_fannar
D:11:     nzn_winding_woodlands_large [nzn_winding_woodlands_5x5_open_star,
          nzn_winding_woodlands_5x15_default, nzn_winding_woodlands_5x5_default,
          nzn_winding_woodlands_center_diamonds,
          nzn_winding_woodlands_15x15_boxy_spiral,
          nzn_winding_woodlands_center_pierced_h,
          nzn_winding_woodlands_5x5_closed_star,
          nzn_winding_woodlands_5x15_parted, nzn_winding_woodlands_hourglass],
          layout_gridville, david_orc_5
Temple:   hellmonk_temple_divided_pantheon

Skill      XL: |  1  2  3  4  5  6  7  8  9 10 11 12 |
---------------+-------------------------------------+-----
Fighting       | 4 5 6 7 8 9 11 | 11.7
Axes           | 4 5 6 7 8 9 11 | 11.7
Throwing       | 1 2 3 4 5 6 7 8 9 |  9.3
Armour         | 3 4 5 6 8 9 10 11 | 11.3
Evocations     | 1 2 3 4 5 6 8 |  8.4
Dodging        | |  2.1

Action                   |  1- 3 |  4- 6 |  7- 9 | 10-12 || total
-------------------------+-------+-------+-------+-------++-------
Melee: Hand axe          |    65 |   196 |    23 |       ||   284
       Headbutt          |     3 |    31 |    41 |    68 ||   143
       Punch             |       |     1 |     1 |       ||     2
       War axe           |       |       |    77 |       ||    77
       Battleaxe         |       |       |   113 |   305 ||   418
Throw: Boomerang         |       |       |    10 |     1 ||    11
       Throwing net      |       |       |       |     1 ||     1
Invok: Berserk           |       |     1 |    10 |    16 ||    27
       Trog's Hand       |       |       |     1 |     3 ||     4
       Brothers in Arms  |       |       |     1 |     1 ||     2
  Use: Scroll            |       |       |    18 |     7 ||    25
       Potion            |       |       |       |     4 ||     4
 Stab: Sleeping          |     1 |       |       |       ||     1
Armor: Animal skin       |     6 |       |       |       ||     6
       Scale mail        |    34 |    28 |       |       ||    62
       Chain mail        |       |    98 |   146 |   268 ||   512
       Skin              |       |     2 |       |       ||     2
       Plate armour      |       |       |     8 |       ||     8
Dodge: Dodged            |    47 |    79 |    79 |   166 ||   371
